Map: Аура смерти РВ

Players

EmptySPACE

  • Race: Zerg Zerg
  • League: Platinum
  • Spawn Location: 11:00

Bruccie - Winner!

  • Race: Zerg Zerg
  • League: Platinum
  • Spawn Location: 5:00

VOD

Have the link to the VOD?

Description

Time

  • Played on: Dec. 22, 2020, 11:40 a.m.
  • Length: 13:02
Show
View Real Time Build Order
Export as new Build Order

EmptySPACE Zerg 

Build Orders: Hatch First 

Get SALT Encoding   

  12  0:00  Drone  
  13  0:13  Overlord  
  13  0:16  Drone  
  14  0:32  Drone x2  
  14  0:35  Drone  
  17  0:53  Hatchery  
  16  0:58  Drone  
  16  0:59  Drone  
  19  1:14  Spawning Pool, Extractor  
  16  1:32  Drone x2  
  18  1:39  Drone  
  19  2:03  Queen  
  19  2:05  Queen  
  19  2:06  Drone x2  
  19  2:07  Zergling x2  
  26  2:13  Zergling x2  
  27  2:18  Overlord  
  27  2:31  Zergling x2  
  27  2:33  Overlord  
  28  2:39  Metabolic Boost  
  28  3:06  Drone x5  
  28  3:07  Drone  
  34  3:23  Zergling x6  
  34  3:25  Drone x3  
  34  3:26  Hatchery  
  39  3:43  Overlord x2  
  39  3:44  Drone x2  
  41  3:51  Roach Warren  
  41  3:54  Drone  
  41  3:55  Evolution Chamber, Drone x4  
  44  3:59  Overlord  
  44  4:02  Extractor  
  43  4:03  Extractor  
  43  4:07  Drone x2  
  40  4:40  Lair  
  40  4:42  Roach x10  
  60  4:58  Overlord x2, Roach x2  
  62  5:17  Drone x3  
  62  5:18  Drone  
  62  5:19  Drone  
  62  5:20  Overlord  
  67  5:27  Drone  
  70  5:28  Roach  
  70  5:29  Roach  
  72  5:39  Glial Reconstitution  
  72  5:50  Roach  
  72  5:51  Roach x4  
  80  6:25  Spire  
  79  6:28  Roach x4  
  87  6:33  Drone  
  87  6:34  Overlord x3, Drone x2, Extractor  
  87  6:35  Overlord x2  
  87  6:38  Overseer  
  89  7:02  Zerg Missile Weapons Level 1  
  87  7:19  Roach x5  
  87  7:20  Roach  
  87  7:21  Roach x2  
  77  8:05  Mutalisk  
  77  8:06  Mutalisk x3  
  85  8:29  Mutalisk  
  85  8:30  Mutalisk x2  
  91  8:41  Zergling x2  
  91  8:42  Zergling x12  
  91  8:43  Zergling x4  
  100  8:54  Mutalisk  
  100  8:55  Mutalisk  
  104  9:13  Hatchery  
  103  9:28  Mutalisk x4  
  103  9:31  Zergling x16  
  119  9:46  Mutalisk  
  119  9:47  Mutalisk  
  80  10:29  Zergling x18  
  57  10:50  Zergling x2  
  57  10:51  Zergling x6  
  59  11:03  Drone x2  
  59  11:04  Drone x4  
  65  11:16  Extractor  
  63  11:20  Extractor  
  59  11:26  Mutalisk x3  
  59  11:27  Mutalisk x3  
  59  11:29  Queen  
  73  11:43  Mutalisk x3, Drone x4  
  73  11:44  Mutalisk x2  
  87  11:50  Infestation Pit  
  80  12:28  Mutalisk x8  
Show
View Real Time Build Order
Export as new Build Order

Bruccie Zerg - Winner!

Build Orders: Hatch First 

Get SALT Encoding   

  12  0:00  Drone  
  13  0:12  Overlord  
  13  0:17  Drone  
  14  0:32  Drone x2  
  16  0:47  Hatchery  
  15  0:50  Drone  
  15  0:54  Drone  
  17  0:57  Drone  
  18  1:10  Extractor  
  17  1:13  Spawning Pool  
  17  1:15  Drone  
  17  1:20  Drone  
  18  1:28  Drone  
  19  1:38  Drone  
  20  1:49  Overlord  
  20  2:00  Zergling x2  
  20  2:01  Zergling x2  
  22  2:02  Queen  
  22  2:03  Queen  
  26  2:09  Metabolic Boost  
  26  2:11  Drone  
  26  2:12  Drone  
  28  2:31  Hatchery  
  28  2:33  Drone  
  28  2:40  Baneling Nest  
  27  2:46  Drone x2  
  27  2:49  Drone  
  30  2:53  Overlord  
  30  2:57  Drone  
  31  3:02  Zergling x4  
  33  3:15  Zergling x10  
  33  3:17  Drone  
  39  3:24  Zergling x2  
  40  3:29  Baneling x2  
  40  3:32  Queen  
  42  3:35  Drone x2  
  42  3:40  Baneling x2  
  44  3:44  Drone x2  
  44  3:46  Evolution Chamber  
  44  3:47  Drone  
  46  3:54  Drone  
  47  3:55  Drone  
  47  3:56  Overlord  
  47  3:59  Drone  
  50  4:02  Drone  
  50  4:05  Extractor  
  50  4:06  Extractor  
  48  4:14  Zergling x4  
  48  4:15  Zergling x6  
  50  4:31  Zergling x16  
  50  4:32  Zergling x2  
  58  4:39  Zerg Missile Weapons Level 1  
  58  4:44  Overlord x2, Roach Warren  
  57  4:52  Drone  
  58  5:09  Drone x2  
  58  5:10  Drone x2  
  62  5:18  Lair  
  62  5:20  Overlord x2  
  62  5:32  Drone  
  62  5:33  Overlord x2  
  63  5:37  Queen  
  63  5:38  Overlord x2  
  63  5:41  Drone x4  
  69  5:43  Drone  
  69  5:44  Drone  
  62  6:16  Roach x11  
  82  6:21  Drone x2  
  82  6:22  Drone  
  85  6:30  Drone x3  
  85  6:32  Drone x2  
  90  6:33  Drone  
  90  6:34  Overlord  
  91  6:40  Zerg Missile Weapons Level 2  
  91  6:41  Glial Reconstitution  
  91  6:49  Roach x3  
  97  6:58  Drone  
  97  6:59  Drone  
  97  7:00  Drone x3, Extractor  
  101  7:03  Roach x2  
  103  7:09  Spine Crawler  
  103  7:10  Roach x3  
  103  7:12  Drone  
  103  7:13  Drone  
  103  7:14  Drone  
  111  7:17  Extractor  
  111  7:21  Evolution Chamber, Drone x2  
  111  7:22  Drone x2  
  113  7:23  Roach  
  111  7:39  Roach x3  
  111  7:40  Roach x5  
  124  7:49  Queen  
  124  7:50  Queen  
  121  7:57  Drone x2, Extractor  
  116  7:59  Queen  
  116  8:09  Zerg Ground Armor Level 1  
  116  8:10  Drone x2  
  116  8:11  Drone x2  
  116  8:12  Drone x4  
  122  8:23  Ravager  
  122  8:24  Overlord x3  
  123  8:31  Overlord x2  
  123  8:32  Drone x3  
  123  8:33  Drone  
  127  8:42  Spine Crawler  
  127  8:46  Roach  
  127  8:47  Roach x7  
  142  9:08  Roach x8  
  142  9:09  Infestation Pit  
  157  9:13  Overseer  
  157  9:22  Roach x5  
  167  9:32  Overlord x3  
  167  9:39  Queen x2  
  167  9:40  Hatchery, Spore Crawler  
  167  9:44  Spore Crawler  
  167  9:45  Spore Crawler x2  
  166  9:53  Spore Crawler  
  166  9:55  Spore Crawler  
  166  9:56  Spore Crawler  
  161  10:08  Spore Crawler  
  161  10:10  Spore Crawler  
  150  10:33  Queen  
  150  10:34  Queen  
  151  10:39  Queen  
  150  11:02  Drone  
  150  11:03  Hydralisk Den  
  150  11:10  Hive  
  150  11:11  Overlord x2  
  150  11:12  Overlord  
  150  11:15  Queen  
  152  11:22  Tunneling Claws  
  152  11:29  Burrow  
  152  11:30  Overlord x2, Spore Crawler  
  152  11:32  Hydralisk x5  
  161  11:42  Hydralisk  
  161  11:43  Hydralisk x3  
  169  11:48  Hydralisk  
  169  11:49  Hydralisk  
  169  11:50  Queen  
  175  12:02  Hydralisk  
  175  12:08  Spore Crawler x2  
  176  12:09  Spore Crawler  
  173  12:23  Hydralisk  
  173  12:24  Roach, Hydralisk x2  
  173  12:25  Hatchery, Roach x2  
  173  12:28  Hydralisk  
  186  12:43  Extractor  
  185  12:52  Roach Warren  
Tags
 
Add a new tag
Caveats
  • Supply blocks, unpowered buildings, or Contaminate may cause inaccurate times.
  • Supply counts are checked every 10 seconds.